MLB
MINNESOTA TWINS @ CLEVELAND INDIANS
08/07/2018
 
TOP OF THE 1ST
Minnesota Twins batting - Pitching for Cleveland Indians : LHP Drew Pomeranz
Pitching: LHP Drew Pomeranz
Batting: RHB Whit Merrifield 0-0: Called Strike
0-1: Foul Ball, location: 2F
0-2: Foul Ball, location: 2F
0-2: SINGLE (Groundball, 4MD)
Batting: RHB Howie Kendrick 0-0: DOUBLE (Line Drive, 89D)
Whit Merrifield to third
Runner from 3rd tries for Home, SAFE, throw by CF to home
Batting: LHB Freddie Freeman 0-0: Ball
1-0: Called Strike
1-1: Foul Ball, location: 2F
1-2: Foul Ball, location: 2F
1-2: DOUBLE (Line Drive, 9LM)
Howie Kendrick scores
Batting: SHB Kendrys Morales 0-0: Called Strike
0-1: Ball
1-1: Foul Ball, location: 2F
1-2: Ball
2-2: Ball
3-2: Fly out, F9 (Flyball, 9LS)
Batting: RHB Avisail Garcia 0-0: DOUBLE (Flyball, 89XD)
Freddie Freeman scores
Batting: RHB Adam Jones 0-0: Ball
1-0: Ball
2-0: Foul Ball, location: 2F
2-1: Foul Ball, location: 2F
2-2: Ball
3-2: Ground out 5-3 (Groundball, 56)
Batting: RHB Maikel Franco 0-0: Ball
1-0: Ground out 6-3 (Groundball, 6)
Top of the 1st over - 3 runs, 4 hits, 0 errors, 1 left on base; Minnesota 3 - Cleveland 0
BOTTOM OF THE 1ST
Cleveland Indians batting - Pitching for Minnesota Twins : RHP Nick Pivetta
Pitching: RHP Nick Pivetta
Batting: LHB Jacoby Ellsbury 0-0: Ball
1-0: SINGLE (Groundball, 4MD)
Batting: LHB Matt Carpenter 0-0: Foul Ball, location: 2F
0-1: DOUBLE (Line Drive, 3D)
Jacoby Ellsbury to third
Batting: SHB Jose Ramirez 0-0: Ball
Wild Pitch!
Jacoby Ellsbury scores
Matt Carpenter to third
1-0: Ball
2-0: Called Strike
2-1: Swinging Strike
2-2: Ball
3-2: Foul Ball, location: 2F
3-2: Fly out, F9 (Flyball, 9)
Runner from 3rd tags up, SCORES, throw by RF
Batting: LHB Eric Hosmer 0-0: DOUBLE (Line Drive, 9LM)
Batting: LHB Matt Joyce 0-0: Called Strike
0-1: Swinging Strike
0-2: Foul Ball, location: 2F
0-2: Ball
1-2: Fly out, F4 (Popup, 4D)
Batting: RHB Steven Souza Jr. 0-0: Foul Ball, location: 2F
0-1: Ball
1-1: Foul Ball, location: 2F
1-2: Strikes out swinging
Bottom of the 1st over - 2 runs, 3 hits, 0 errors, 1 left on base; Minnesota 3 - Cleveland 2
TOP OF THE 2ND
Minnesota Twins batting - Pitching for Cleveland Indians : LHP Drew Pomeranz
Batting: RHB Chris Iannetta 0-0: Called Strike
0-1: Ball
1-1: Ground out 4-3 (Groundball, 4)
Batting: RHB Miguel Rojas 0-0: Called Strike
0-1: Fly out, F4 (Line Drive, 4)
Batting: RHB Whit Merrifield 0-0: Bunt for hit to 3S - play at first, batter OUT! 3-4
Top of the 2nd over - 0 runs, 0 hits, 0 errors, 0 left on base; Minnesota 3 - Cleveland 2
BOTTOM OF THE 2ND
Cleveland Indians batting - Pitching for Minnesota Twins : RHP Nick Pivetta
Batting: LHB Christian Yelich 0-0: Called Strike
0-1: Fly out, F9 (Flyball, 9LM)
Batting: LHB Brian McCann 0-0: Ball
1-0: Ball
2-0: Foul Ball, location: 2F
2-1: Ground out 1-3 (Groundball, P)
Batting: RHB Marcus Semien 0-0: Foul Ball, location: 2F
0-1: Foul Ball, location: 2F
0-2: Ground out 6-3 (Groundball, 6)
Bottom of the 2nd over - 0 runs, 0 hits, 0 errors, 0 left on base; Minnesota 3 - Cleveland 2
TOP OF THE 3RD
Minnesota Twins batting - Pitching for Cleveland Indians : LHP Drew Pomeranz
Batting: RHB Howie Kendrick 0-0: Called Strike
0-1: Swinging Strike
0-2: Strikes out swinging
Batting: LHB Freddie Freeman 0-0: Ball
1-0: Called Strike
1-1: Foul Ball, location: 2F
1-2: Ball
2-2: SINGLE (Groundball, 4D)
Batting: SHB Kendrys Morales 0-0: Ball
1-0: Foul Ball, location: 2F
1-1: Fly out, F3 (Line Drive, 3)
Lined into DP, U3 (Line Drive, 3)
Top of the 3rd over - 0 runs, 1 hit, 0 errors, 0 left on base; Minnesota 3 - Cleveland 2
BOTTOM OF THE 3RD
Cleveland Indians batting - Pitching for Minnesota Twins : RHP Nick Pivetta
Batting: LHB Jacoby Ellsbury 0-0: Fly out, F7 (Flyball, 7LS)
Batting: LHB Matt Carpenter 0-0: Foul Ball, location: 2F
0-1: Foul Ball, location: 2F
0-2: Ball
1-2: Ball
2-2: Ground out 3-1 (Groundball, 34)
Batting: SHB Jose Ramirez 0-0: Foul Ball, location: 2F
0-1: Ball
1-1: Ball
2-1: DOUBLE (Flyball, 8LXD)
Batting: LHB Eric Hosmer 0-0: Fly out, F9 (Flyball, 9LM)
Bottom of the 3rd over - 0 runs, 1 hit, 0 errors, 1 left on base; Minnesota 3 - Cleveland 2
TOP OF THE 4TH
Minnesota Twins batting - Pitching for Cleveland Indians : LHP Drew Pomeranz
Batting: RHB Avisail Garcia 0-0: Ball
1-0: Ball
2-0: Called Strike
2-1: Ball
3-1: Fly out, F8 (Flyball, 8LM)
Batting: RHB Adam Jones 0-0: Called Strike
0-1: Ball
1-1: Foul Ball, location: 2F
1-2: Ball
2-2: Foul Ball, location: 2F
2-2: Strikes out swinging
Batting: RHB Maikel Franco 0-0: Ball
1-0: Ball
2-0: Fly out, F7 (Flyball, 7D)
Top of the 4th over - 0 runs, 0 hits, 0 errors, 0 left on base; Minnesota 3 - Cleveland 2
BOTTOM OF THE 4TH
Cleveland Indians batting - Pitching for Minnesota Twins : RHP Nick Pivetta
Batting: LHB Matt Joyce 0-0: Called Strike
0-1: Ground out 1-3 (Groundball, 34S)
Batting: RHB Steven Souza Jr. 0-0: Foul Ball, location: 2F
0-1: Ball
1-1: Fly out, F3 (Popup, 34)
Batting: LHB Christian Yelich 0-0: Ball
1-0: Swinging Strike
1-1: Foul Ball, location: 2F
1-2: Ball
2-2: Strikes out looking
Bottom of the 4th over - 0 runs, 0 hits, 0 errors, 0 left on base; Minnesota 3 - Cleveland 2
TOP OF THE 5TH
Minnesota Twins batting - Pitching for Cleveland Indians : LHP Drew Pomeranz
Batting: RHB Chris Iannetta 0-0: Foul Ball, location: 2F
0-1: Called Strike
0-2: Strikes out looking
Batting: RHB Miguel Rojas 0-0: SINGLE (Groundball, 56D)
Batting: RHB Whit Merrifield 0-0: Ball
1-0: Foul Ball, location: 2F
1-1: Ball
2-1: Foul Ball, location: 2F
2-2: Ball
3-2: SINGLE (Flyball, 9S)
Miguel Rojas to second
Runner from 2nd tries for 3rd, SAFE, no throw by RF
Batting: RHB Howie Kendrick 0-0: Foul Ball, location: 2F
0-1: Called Strike
0-2: Ball
1-2: Foul Ball, location: 2F
1-2: SINGLE (Line Drive, 9S)
Miguel Rojas scores
Whit Merrifield to second
Batting: LHB Freddie Freeman 0-0: Ball
1-0: Foul Ball, location: 2F
1-1: Ball
2-1: Foul Ball, location: 2F
2-2: Grounds into double play, 1-4-3 (Groundball, 15S)
Top of the 5th over - 1 run, 3 hits, 0 errors, 1 left on base; Minnesota 4 - Cleveland 2
BOTTOM OF THE 5TH
Cleveland Indians batting - Pitching for Minnesota Twins : RHP Nick Pivetta
Batting: LHB Brian McCann 0-0: Called Strike
0-1: Ground out 4-3 (Groundball, 34)
Batting: RHB Marcus Semien 0-0: Ball
1-0: Swinging Strike
1-1: SINGLE (Flyball, 78M)
Batting: LHB Jacoby Ellsbury 0-0: SINGLE (Line Drive, 7S)
Marcus Semien to second
Batting: LHB Matt Carpenter 0-0: SINGLE (Line Drive, 7S)
Marcus Semien to third
Jacoby Ellsbury to second
Runner from 3rd tries for Home, SAFE, no throw by LF
Batting: SHB Jose Ramirez 0-0: DOUBLE (Line Drive, 7LS)
Jacoby Ellsbury scores
Matt Carpenter to third
Batting: LHB Eric Hosmer 0-0: Ball
1-0: Fly out, F9 (Line Drive, 9)
Runner from 3rd tags up, SCORES, throw by RF
Batting: LHB Matt Joyce 0-0: Ball
1-0: Foul Ball, location: 2F
1-1: Foul Ball, location: 2F
1-2: Fly out, F9 (Flyball, 9S)
Bottom of the 5th over - 3 runs, 4 hits, 0 errors, 1 left on base; Minnesota 4 - Cleveland 5
TOP OF THE 6TH
Minnesota Twins batting - Pitching for Cleveland Indians : LHP Drew Pomeranz
Batting: SHB Kendrys Morales 0-0: Ball
1-0: Called Strike
1-1: Ball
2-1: Swinging Strike
2-2: Foul Ball, location: 2F
2-2: Fly out, F9 (Line Drive, 9)
Batting: RHB Avisail Garcia 0-0: Called Strike
0-1: Ball
1-1: Called Strike
1-2: Ball
2-2: Foul Ball, location: 2F
2-2: Ball
3-2: Strikes out swinging
Batting: RHB Adam Jones 0-0: Ball
1-0: Ball
2-0: Called Strike
2-1: Ball
3-1: Base on Balls
Pitching: LHP Zac Rosscup
Batting: RHB Maikel Franco 0-0: DOUBLE (Line Drive, 78XD)
Adam Jones to third
Runner from 3rd tries for Home, SAFE, no throw by CF
Batting: RHB Chris Iannetta 0-0: Ball
1-0: Swinging Strike
1-1: Ball
2-1: Ball
3-1: Base on Balls
Batting: RHB Miguel Rojas 0-0: Fly out, F8 (Line Drive, 8RM)
Top of the 6th over - 1 run, 1 hit, 0 errors, 2 left on base; Minnesota 5 - Cleveland 5
BOTTOM OF THE 6TH
Cleveland Indians batting - Pitching for Minnesota Twins : RHP Nick Pivetta
Pitching: RHP Tommy Kahnle
Batting: RHB Steven Souza Jr. 0-0: Foul Ball, location: 2F
0-1: Called Strike
0-2: Foul Ball, location: 2F
0-2: Foul Ball, location: 2F
0-2: Ball
1-2: Ground out 5-3 (Groundball, 56S)
Batting: LHB Christian Yelich 0-0: SINGLE (Groundball, 56D)
Batting: LHB Brian McCann 0-0: Called Strike
0-1: Ball
1-1: Foul Ball, location: 2F
1-2: Ball
2-2: Foul Ball, location: 2F
2-2: Foul Ball, location: 2F
2-2: 2-RUN HOME RUN (Flyball, 89XD), Distance : 386 ft
Pitching: RHP Alex Meyer
Batting: RHB Marcus Semien 0-0: Ball
1-0: Foul Ball, location: 2F
1-1: Called Strike
1-2: Strikes out swinging
Batting: LHB Jacoby Ellsbury 0-0: Called Strike
0-1: Ball
1-1: Ground out 1-3 (Groundball, 13)
Bottom of the 6th over - 2 runs, 2 hits, 0 errors, 0 left on base; Minnesota 5 - Cleveland 7
TOP OF THE 7TH
Minnesota Twins batting - Pitching for Cleveland Indians : LHP Zac Rosscup
Pitching: RHP Evan Marshall
Batting: RHB Whit Merrifield 0-0: Called Strike
0-1: SINGLE (Line Drive, 4D)
Batting: RHB Howie Kendrick 0-0: Ball
1-0: Ball
2-0: Called Strike
2-1: Ball
3-1: Fly out, F8 (Flyball, 8LXD)
Batting: LHB Freddie Freeman 0-0: Called Strike
0-1: Ball
1-1: Ball
2-1: Ball
3-1: Foul Ball, location: 2F
3-2: Foul Ball, location: 2F
3-2: Foul Ball, location: 2F
3-2: Fly out, F9 (Line Drive, 9)
Batting: SHB Kendrys Morales 0-0: Ball
1-0: Fly out, F8 (Flyball, 8RXD)
Top of the 7th over - 0 runs, 1 hit, 0 errors, 1 left on base; Minnesota 5 - Cleveland 7
BOTTOM OF THE 7TH
Cleveland Indians batting - Pitching for Minnesota Twins : RHP Alex Meyer
Batting: LHB Matt Carpenter 0-0: Ball
1-0: Ball
2-0: Ball
3-0: Swinging Strike
3-1: Swinging Strike
3-2: Ground out 1-3 (Groundball, 34S)
Batting: SHB Jose Ramirez 0-0: Ball
1-0: Ball
2-0: Foul Ball, location: 2F
2-1: Ball
3-1: DOUBLE (Line Drive, 89XD)
Batting: LHB Eric Hosmer 0-0: Foul Ball, location: 2F
0-1: SINGLE (Groundball, 34D)
Jose Ramirez to third
Runner from 3rd tries for Home, SAFE, throw by RF to home
Batting: LHB Matt Joyce 0-0: Called Strike
0-1: Called Strike
0-2: Ball
1-2: Ball
2-2: SINGLE (Groundball, 4MD)
Eric Hosmer to second
Pitching: RHP Juan Nicasio
Batting: RHB Steven Souza Jr. 0-0: Called Strike
0-1: Ball
1-1: Foul Ball, location: 2F
1-2: Fielders Choice at 3rd, U5 (Groundball, 5L)
Matt Joyce to second
Batting: LHB Christian Yelich 0-0: Ball
1-0: Called Strike
1-1: Called Strike
1-2: Foul Ball, location: 2F
1-2: Ball
2-2: Strikes out swinging
Bottom of the 7th over - 1 run, 3 hits, 0 errors, 2 left on base; Minnesota 5 - Cleveland 8
TOP OF THE 8TH
Minnesota Twins batting - Pitching for Cleveland Indians : RHP Evan Marshall
Pitching: RHP Simon Castro
Batting: RHB Avisail Garcia 0-0: Swinging Strike
0-1: Ball
1-1: Ball
2-1: Swinging Strike
2-2: Strikes out swinging
Batting: RHB Adam Jones 0-0: Foul Ball, location: 2F
0-1: Foul Ball, location: 2F
0-2: Ball
1-2: Ball
2-2: SINGLE (Groundball, 4MD)
Batting: RHB Maikel Franco 0-0: Foul Ball, location: 2F
0-1: Ball
1-1: Foul Ball, location: 2F
1-2: Foul Ball, location: 2F
1-2: Fly out, F7 (Flyball, 7D)
Batting: RHB Chris Iannetta 0-0: Ball
1-0: Called Strike
1-1: Foul Ball, location: 2F
1-2: Strikes out swinging
Top of the 8th over - 0 runs, 1 hit, 0 errors, 1 left on base; Minnesota 5 - Cleveland 8
BOTTOM OF THE 8TH
Cleveland Indians batting - Pitching for Minnesota Twins : RHP Juan Nicasio
Pitching: RHP Austin Adams
Batting: LHB Brian McCann 0-0: Fly out, F8 (Flyball, 8RD)
Batting: RHB Marcus Semien 0-0: Ball
1-0: Called Strike
1-1: Fly out, F8 (Flyball, 8RXD)
Batting: LHB Jacoby Ellsbury 0-0: Ball
1-0: Ground out 6-3 (Groundball, 56)
Bottom of the 8th over - 0 runs, 0 hits, 0 errors, 0 left on base; Minnesota 5 - Cleveland 8
TOP OF THE 9TH
Minnesota Twins batting - Pitching for Cleveland Indians : RHP Simon Castro
Batting: RHB Miguel Rojas 0-0: Ball
1-0: Ball
2-0: Called Strike
2-1: Ball
3-1: Ground out 6-3 (Groundball, 6)
Batting: RHB Whit Merrifield 0-0: Called Strike
0-1: Fly out, F7 (Flyball, 78D)
Batting: RHB Howie Kendrick 0-0: Ball
1-0: Swinging Strike
1-1: Ball
2-1: DOUBLE (Line Drive, 9LS)
Batting: LHB Freddie Freeman 0-0: Called Strike
0-1: Ball
1-1: Swinging Strike
1-2: Foul Ball, location: 2F
1-2: Ball
2-2: Foul Ball, location: 2F
2-2: Strikes out swinging
Top of the 9th over - 0 runs, 1 hit, 0 errors, 1 left on base; Minnesota 5 - Cleveland 8
Wednesday, October 17th, 2018 - OOTP Baseball 19.8 Build 79